Cogmind - Beta 14 @@@ ROGUE MODE // 2024.10.02 @ 20:57:35 Player: AnotherZach Result: Destroyed by H-66 Slayer with Gauss Rifle Performance ------------- Evolutions (5) 2500 Regions Visited (10) 2000 Robots Destroyed (82) 410 Value Destroyed (1632) 1632 Prototype IDs (24) 480 Alien Tech Used (0) 0 Bonus (405) 405 TOTAL SCORE: 7427 Bonus ------- High Alert Combat Kills 89 Follower Combat Kills 218 Aligned with FarCom 300 Friendly Fire -202 Cogmind --------- Core Integrity 0/1000 Matter 144/300 Energy 99/100 System Corruption 5% Temperature Cool (0) Movement Core (50) Location -5/Extension Parts ------- > --- POWER (2) -------- (None) > --- PROPULSION (8) --- (None) > --- UTILITY (5) ------ System Shield > --- WEAPON (2) ------- (None) > --- INVENTORY (5) ---- Xenon Bombardment Thruster Xenon Bombardment Thruster Improved Reaction Control System Improved Trap Extractor (0/6) Improved Trap Extractor (1/6 Tiamat Bomb) Peak State ------------ > --- POWER ------------ Improved Deuterium Engine Light Angular Momentum Engine > --- PROPULSION ------- VTOL Module VTOL Module Xenon Bombardment Thruster Xenon Bombardment Thruster Flying Fortress v7 > --- UTILITY ---------- Advanced Heat Sink Large Storage Unit Medium Armor Plating Hacking Suite System Shield > --- WEAPON ----------- Tiamat Missile Launcher Phasing Sabre > --- INVENTORY -------- Improved Deuterium Engine Improved Treads Improved Treads Improved Treads High-capacity Matter Pod Stasis Canceller Transmission Jammer ECM Suite Improved Reaction Control System Medium Armor Plating High-powered Tractor Beam Improved Trap Extractor Improved Trap Extractor Tiamat Missile Launcher Datajack [Rating: 84] Favorites ----------- Power Improved Deuterium Engine Engine Improved Deuterium Engine Power Core Light Nuclear Core Propulsion VTOL Module Treads Light Treads Flight Unit VTOL Module Utility Large Storage Unit Device ECM Suite Storage Large Storage Unit Hackware System Shield Protection Medium Armor Plating Weapon Grenade Launcher Energy Gun EM Shotgun Ballistic Gun Light Assault Rifle Launcher Grenade Launcher Impact Weapon Flail Slashing Weapon Greatsword Special Melee Weapon Datajack Build | -11 -10 -9 -9 -9 -8 -8 -7 -6 -5 -5 ------- Run | Yrd Mat Mat Min Exi Min Mat Fac Fac Fac Ext Slots Evolved 10 | . . 2 . . . 2 2 2 2 . Power 1 | . . . . . . . . 1 . . Propulsion 6 | . . 1 . . . 2 1 1 1 . Utility 3 | . . 1 . . . . 1 . 1 . Weapon . | . . . . . . . . . . . Parts Attached 90 | 5 9 5 3 4 . 7 12 7 12 26 Power 9 | . 2 . . . . 1 1 1 2 2 Engine 8 | . 2 . . . . 1 1 . 2 2 Core 1 | . . . . . . . . 1 . . Reactor . | . . . . . . . . . . . Propulsion 25 | 2 2 3 2 . . 1 3 4 3 5 Treads 5 | 2 . . . . . . . . . 3 Leg . | . . . . . . . . . . . Wheel . | . . . . . . . . . . . Hover . | . . . . . . . . . . . Flight 20 | . 2 3 2 . . 1 3 4 3 2 Utility 30 | 1 3 1 1 2 . 3 4 2 2 11 Device 18 | 1 2 . . 1 . 1 1 2 2 8 Storage 3 | . 1 . . 1 . 1 . . . . Processor . | . . . . . . . . . . . Hackware 2 | . . . . . . . 2 . . . Protection 7 | . . 1 1 . . 1 1 . . 3 Artifact . | . . . . . . . . . . . Weapon 26 | 2 2 1 . 2 . 2 4 . 5 8 Energy Gun 2 | . . . . 1 . 1 . . . . Energy Cannon . | . . . . . . . . . . . Ballistic Gun 6 | 2 2 . . . . . 1 . . 1 Ballistic Cannon . | . . . . . . . . . . . Launcher 9 | . . 1 . 1 . 1 1 . 2 3 Special Weapon . | . . . . . . . . . . . Impact Weapon 1 | . . . . . . . 1 . . . Slashing Weapon 5 | . . . . . . . 1 . 2 2 Piercing Weapon . | . . . . . . . . . . . Special Melee Weapon 3 | . . . . . . . . . 1 2 Unidentified Prototypes 1 | . . . . . . . . . 1 . Parts Lost 24 | . . 1 1 . 1 . 1 . 1 19 Power 4 | . . . . . . . . . . 4 Propulsion 11 | . . 1 1 . 1 . . . 1 7 Utility 5 | . . . . . . . . . . 5 Weapon 4 | . . . . . . . 1 . . 3 Highest Loss Streak 10 | . . 1 1 . 1 . 1 . 1 10 To Critical Strikes . | . . . . . . . . . . . Average Slot Usage (%) 73 | . 94 100 100 96 79 71 74 72 76 54 Engine 7 | . 11 11 11 11 11 9 7 6 5 6 Treads 2 | . 19 . . . . . . . . 3 Flight 21 | . 7 33 33 33 26 18 22 25 28 15 Device 11 | . 22 11 11 12 22 15 11 6 11 7 Storage 6 | . 3 11 11 11 11 9 7 6 5 3 Hackware 5 | . . . . . . . 5 13 11 7 Protection 3 | . . 11 11 9 . 2 4 . . 1 Energy Gun 1 | . . . . 4 . 8 3 . . . Ballistic Gun 3 | . 28 13 11 4 . . 1 . . . Launcher 4 | . . 8 11 9 9 9 5 . . 1 Slashing Weapon 1 | . . . . . . . 1 6 4 2 Peak Build Rating 84 | 5 8 11 11 15 13 46 60 73 81 84 Average Rating 42 | 3 7 10 10 12 12 43 52 71 76 48 On Entrance 28 | . 5 8 11 11 13 11 46 60 71 81 Naked Turns . | . . . . . . . . . . . Heaviest Build 60 | 3 14 16 16 17 17 37 41 42 47 60 Greatest Support 72 | 3 14 18 18 18 18 54 58 68 72 70 Greatest Overweight (x) 1 | . . . . . 1 . . . . 1 Average Overweight (x) . | . . . . . . . . . . . Largest Inventory Capacity 15 | 5 8 8 8 10 10 15 15 15 15 15 Average Capacity 12 | 5 5 8 8 8 10 14 15 15 15 12 Most Carried 15 | 5 8 8 8 10 10 15 15 15 15 15 Average Carried 11 | 3 5 7 8 8 9 12 14 14 14 10 Final Capacity 15 | 5 8 8 8 10 10 15 15 15 15 5 Final Carried 15 | 5 8 8 8 10 10 15 15 15 15 5 Class Distribution -------------------- 49% | Mutant 23% | Hacker-Sprinter 8% | Sprinter 7% | Hacker-Mutant 6% | Commander-Sprinter 3% | Scavenger-Mutant Dominant Class ---------------- Mutant | -10/Materials Mutant | -9/Materials Sprinter | -9/Mines Sprinter | -9/Exiles Mutant | -8/Mines Mutant | -8/Materials Mutant | -7/Factory Hacker-Sprinter | -6/Factory Hacker-Sprinter | -5/Factory Mutant | -5/Extension Resources | -11 -10 -9 -9 -9 -8 -8 -7 -6 -5 -5 ----------- Run | Yrd Mat Mat Min Exi Min Mat Fac Fac Fac Ext Matter Collected 2240 | 261 92 . 19 400 17 23 351 . 302 775 Remotely 26 | . . . . . . . . . . 26 Salvage Created 1740 | 110 92 102 21 . 25 38 452 . 339 561 Parts 144 | 8 6 19 7 . 5 11 23 . 16 49 Haulers Intercepted 2 | . 2 . . . . . . . . . Recyclers Shooed 1 | . . . . . . . . . . 1 Parts Field Recycled . | . . . . . . . . . . . Retrieved Matter . | . . . . . . . . . . . Parts Self-Destructed . | . . . . . . . . . . . Prevented . | . . . . . . . . . . . Kills | -11 -10 -9 -9 -9 -8 -8 -7 -6 -5 -5 ------- Run | Yrd Mat Mat Min Exi Min Mat Fac Fac Fac Ext Combat Hostiles Destroyed 41 | . . 6 4 . . 4 15 . 4 8 Melee 10 | . . . . . . . 2 . 4 4 Guns 3 | . . 1 . . . . 2 . . . AOE 28 | . . 5 4 . . 4 11 . . 4 Classes Destroyed 15 | 2 1 4 . . . 1 3 . . 4 Worker 12 | . . 1 . . 2 . 1 . 6 2 Builder 9 | . . . . . . 1 2 . . 6 Tunneler 10 | 3 . 1 . . . . . . . 6 Hauler 2 | . 2 . . . . . . . . . Recycler 3 | 1 . . . . . . . . 1 1 Operator 1 | . . . . . . . 1 . . . Watcher 3 | . . 1 . . . 1 . . . 1 Swarmer 25 | . . 5 4 . . 4 8 . 4 . Grunt 6 | . . . . . . . 6 . . . Duelist 1 | . . . . . . . . . . 1 Sentry 4 | . . 1 . . . . . . . 3 Hunter 2 | . . . . . . . . . . 2 Programmer 1 | . . . . . . . 1 . . . Behemoth 2 | . . . . . . . . . . 2 Savage 1 | . . . . . . . . . . 1 Best Kill Streak 17 | 3 1 8 4 . 2 5 10 . 6 17 Combat Bots Only 8 | . . 5 4 . . 4 8 . 4 4 Max Kills in Single Turn 4 | 1 1 4 2 . 2 2 3 . 1 3 Gunslinging . | . . . . . . . . . . . Exploded 3 | . . 3 2 . . 1 3 . . 2 Melee 1 | . . . . . . . 1 . 1 1 Uniques/NPCs Destroyed . | . . . . . . . . . . . Combat | -11 -10 -9 -9 -9 -8 -8 -7 -6 -5 -5 -------- Run | Yrd Mat Mat Min Exi Min Mat Fac Fac Fac Ext Hostile Shots Fired 371 | . 1 38 3 . . 17 42 69 10 191 Missed 148 | . . 18 . . . 4 17 42 4 63 Damage Taken 4311 | . 15 205 21 . 36 127 472 250 88 3097 Core 1160 | . . 34 . . 16 36 35 35 12 992 Absorbed by Shields . | . . . . . . . . . . . Core Remaining (%) 95 | 100 100 . . . 87 93 95 95 . . Volleys Fired 105 | 21 18 8 2 . 1 11 28 . . 16 Largest 2 | 2 2 2 2 . 1 1 2 . . 2 Hottest 92 | 40 40 50 50 . 30 45 60 . . 92 Shots Fired 166 | 42 36 14 4 . 1 11 35 . . 23 Gun 108 | 42 36 8 2 . . 3 17 . . . Cannon . | . . . . . . . . . . . Launcher 58 | . . 6 2 . 1 8 18 . . 23 Special . | . . . . . . . . . . . Kinetic 96 | 42 36 8 2 . . . 8 . . . Thermal . | . . . . . . . . . . . Explosive 58 | . . 6 2 . 1 8 18 . . 23 Electromagnetic 12 | . . . . . . 3 9 . . . Robot Hit Streak 14 | 6 10 5 1 . . 2 4 . . 14 Robot Miss Streak 4 | 4 4 2 1 . 1 3 4 . . 2 Penetration Max . | . . . . . . . . . . . Secondary Targets . | . . . . . . . . . . . Shots Hit Robots 131 | 24 23 6 1 . . 3 27 . 12 35 Core Hits 118 | 8 5 14 4 . 2 8 34 . 6 37 Critical Kills . | . . . . . . . . . . . Critical Parts Destroyed . | . . . . . . . . . . . Critical Strikes 2 | . . . . . . . . . 1 1 Sever 2 | . . . . . . . . . 1 1 Melee Attacks 67 | . . . . . . . 12 6 23 26 Impact 2 | . . . . . . . 2 . . . Slashing 54 | . . . . . . . 10 6 23 15 Piercing . | . . . . . . . . . . . Sneak Attacks 22 | . . . . . . . . . 7 15 Combat Hostiles . | . . . . . . . . . . . Follow-up Attacks . | . . . . . . . . . . . Damage Inflicted 7913 | 193 193 420 196 . 77 319 1349 . 1033 4133 Guns 655 | 193 193 50 . . . 28 191 . . . Cannons . | . . . . . . . . . . . Explosions 5188 | . . 370 196 . 77 291 908 . . 3346 Melee 2054 | . . . . . . . 250 . 1033 771 Ramming 16 | . . . . . . . . . . 16 Kinetic 516 | 193 193 50 . . . . 80 . . . Thermal 43 | . . . . . . . 43 . . . Explosive 5145 | . . 370 196 . 77 291 865 . . 3346 Electromagnetic 139 | . . . . . . 28 111 . . . Impact . | . . . . . . . . . . . Slashing 2054 | . . . . . . . 250 . 1033 771 Piercing . | . . . . . . . . . . . Highest Corruption 5 | . . . . . . . . . . 5 Average Corruption 5 | . . . . . . . . . . 5 Corruption Purged . | . . . . . . . . . . . Corruption Blocked . | . . . . . . . . . . . Effects 8 | . . . . . . . . . . 8 Message Errors 1 | . . . . . . . . . . 1 Matter Fused 4 | . . . . . . . . . . 4 Heat Flow Errors 1 | . . . . . . . . . . 1 Parts Fused 1 | . . . . . . . . . . 1 Data Loss (minor) 1 | . . . . . . . . . . 1 Overload Shots . | . . . . . . . . . . . Overflow Damage 504 | . . 10 7 . 16 3 . . 274 194 Projectiles . | . . . . . . . . . . . Explosions 144 | . . 10 7 . 16 3 . . . 108 Melee 360 | . . . . . . . . . 274 86 Knockbacks . | . . . . . . . . . . . Impact . | . . . . . . . . . . . Kinetic . | . . . . . . . . . . . Secondary . | . . . . . . . . . . . Self-Inflicted Damage 66 | . . . . . 36 . . . . 30 Shots 2 | . . . . . 1 . . . . 1 Rammed 7 | . . . . . . . . . . 7 Targets Rammed 8 | . . . . . . . . . . 8 Kicked . | . . . . . . . . . . . Crushed 1 | . . . . . . . . . . 1 Highest Temperature 120 | . . 5 . . . 31 99 42 . 120 Average Temperature 22 | . . 3 . . . 10 28 20 . 30 Received Heat Transfer 1155 | . 9 60 . . . 36 138 54 . 858 Siege Activations . | . . . . . . . . . . . Robots Corrupted 1 | . . . . . . . 1 . . . Combat Hostiles . | . . . . . . . . . . . Parts Fried 4 | . . . . . . . 4 . . . Impact Corruptions . | . . . . . . . . . . . Robots Melted . | . . . . . . . . . . . Combat Hostiles . | . . . . . . . . . . . Parts Melted . | . . . . . . . . . . . Heat Transferred 100 | . . . . . . . 100 . . . Parts Sabotaged . | . . . . . . . . . . . Parts Stolen . | . . . . . . . . . . . Parts Stripped . | . . . . . . . . . . . Power Chain Reactions 1 | . . . . . . . 1 . . . Alert | -11 -10 -9 -9 -9 -8 -8 -7 -6 -5 -5 ------- Run | Yrd Mat Mat Min Exi Min Mat Fac Fac Fac Ext Peak Influence 539 | 20 107 423 270 . 16 229 469 199 245 539 Initial 164 | . 13 44 164 . . 5 103 102 97 119 Average 182 | 8 64 178 197 . 10 150 190 132 156 297 Maximum Alert Level 2 | . . 2 1 . . 1 2 . 1 2 Low Security (%) 63 | 100 100 64 66 . 100 87 67 100 65 19 Level 1 26 | . . 30 34 . . 12 19 . 34 53 Level 2 10 | . . 4 . . . . 12 . . 26 Level 3 . | . . . . . . . . . . . Level 4 . | . . . . . . . . . . . Level 5 . | . . . . . . . . . . . High Security . | . . . . . . . . . . . Max Security . | . . . . . . . . . . . Squads Dispatched 8 | . . . . . . . 6 1 . 1 Investigation 2 | . . . . . . . 1 1 . . Extermination 2 | . . . . . . . 2 . . . Reinforcement 3 | . . . . . . . 2 . . 1 Assault . | . . . . . . . . . . . Garrison 1 | . . . . . . . 1 . . . Intercept . | . . . . . . . . . . . Searches Triggered . | . . . . . . . . . . . Construction Impeded 2 | . . . . . . . 1 . . 1 Haulers Reinforced . | . . . . . . . . . . . Active Scanning Responses . | . . . . . . . . . . . Cargo Convoy Interrupts . | . . . . . . . . . . . Stealth | -11 -10 -9 -9 -9 -8 -8 -7 -6 -5 -5 --------- Run | Yrd Mat Mat Min Exi Min Mat Fac Fac Fac Ext Distress Signals 8 | . 1 4 . . . 2 . . . 1 Communications Jammed . | . . . . . . . . . . . Distress Signals . | . . . . . . . . . . . Times Spotted 84 | . 5 17 2 . . 9 19 3 6 23 Peak Tracking Total 10 | . 4 10 . . . 6 6 3 3 7 Tactical Retreats 8 | . 1 3 . . . 1 1 . 1 1 Traps | -11 -10 -9 -9 -9 -8 -8 -7 -6 -5 -5 ------- Run | Yrd Mat Mat Min Exi Min Mat Fac Fac Fac Ext Traps Triggered 4 | . . . . . . . . . . 4 Indirectly . | . . . . . . . . . . . Trap Hack Attempts 7 | . . . . . . . . . . 7 Triggered . | . . . . . . . . . . . Disarmed . | . . . . . . . . . . . Reprogrammed 2 | . . . . . . . . . . 2 Reused 1 | . . . . . . . . . . 1 Traps Extracted 2 | . . . . . . . . . . 2 Installed 1 | . . . . . . . . . . 1 Triggered 1 | . . . . . . . . . . 1 Most Traps Carried 2 | . . . . . . . . . . 2 Machines | -11 -10 -9 -9 -9 -8 -8 -7 -6 -5 -5 ---------- Run | Yrd Mat Mat Min Exi Min Mat Fac Fac Fac Ext Machines Disabled 4 | . . 2 . . . . . . . 2 Max in Single Turn 2 | . . 1 . . . . . . . 2 Machines Repaired . | . . . . . . . . . . . Machines Dismantled . | . . . . . . . . . . . Machines Sabotaged . | . . . . . . . . . . . Overloaded Fab Kills . | . . . . . . . . . . . Hacking | -11 -10 -9 -9 -9 -8 -8 -7 -6 -5 -5 --------- Run | Yrd Mat Mat Min Exi Min Mat Fac Fac Fac Ext Machines Accessed 21 | . 3 1 . 2 . 3 4 2 2 4 Terminals 15 | . 2 1 . . . 2 4 1 1 4 Fabricators . | . . . . . . . . . . . Repair Stations . | . . . . . . . . . . . Recycling Units 3 | . 1 . . . . 1 . . 1 . Scanalyzers 1 | . . . . . . . . 1 . . Garrison Access . | . . . . . . . . . . . Total Hacks 61 | . 9 5 . 2 . 13 16 7 4 5 Successful 34 | . 3 4 . 2 . 6 9 4 2 4 Failed 27 | . 6 1 . . . 7 7 3 2 1 Catastrophic 2 | . . . . . . . 2 . . . Database Lockouts . | . . . . . . . . . . . Manual 36 | . 5 5 . 1 . 10 10 5 . . Terminals 44 | . 5 5 . . . 9 16 3 1 5 Fabricators . | . . . . . . . . . . . Repair Stations . | . . . . . . . . . . . Recycling Units 11 | . 4 . . . . 4 . . 3 . Scanalyzers 4 | . . . . . . . . 4 . . Garrison Access . | . . . . . . . . . . . Terminal Hacks 10 | . 1 . . 2 . . 2 . 1 4 Record 1 | . . . . 1 . . . . . . Robot Schematic 1 | . 1 . . . . . . . . . Open Door 4 | . . . . . . . . . 1 3 Level Access Points 1 | . . . . . . . 1 . . . Unreport Threat 1 | . . . . . . . 1 . . . Locate Traps 1 | . . . . . . . . . . 1 Derelict Proto ID Bank 1 | . . . . 1 . . . . . . Fabricator Hacks . | . . . . . . . . . . . Repair Station Hacks . | . . . . . . . . . . . Recycling Unit Hacks 4 | . 1 . . . . 2 . . 1 . Retrieve Matter 2 | . . . . . . 1 . . 1 . Retrieve Components 2 | . 1 . . . . 1 . . . . Scanalyzer 2 | . . . . . . . . 2 . . Insert Component 1 | . . . . . . . . 1 . . Analyze 1 | . . . . . . . . 1 . . Garrison Access Hacks . | . . . . . . . . . . . Unauthorized Hacks 18 | . 1 4 . . . 4 7 2 . . Terminals 17 | . 1 4 . . . 4 7 1 . . Track 3 | . . 1 . . . 1 1 . . . Botnet 5 | . 1 1 . . . 1 1 1 . . Disrupt 2 | . . 1 . . . . 1 . . . Operators 2 | . . . . . . 1 1 . . . Skim 5 | . . 1 . . . 1 3 . . . Fabricators . | . . . . . . . . . . . Repair Stations . | . . . . . . . . . . . Recycling Units . | . . . . . . . . . . . Scanalyzers 1 | . . . . . . . . 1 . . Extract 1 | . . . . . . . . 1 . . Garrison Access . | . . . . . . . . . . . Data Cores Recovered . | . . . . . . . . . . . Used . | . . . . . . . . . . . Hacking Detections 16 | . 3 1 . . . 3 4 2 1 2 Full Trace Events 1 | . . . . . . . 1 . . . Feedback Events . | . . . . . . . . . . . Feedback Blocked . | . . . . . . . . . . . Robot Schematics Acquired 1 | . 1 . . . . . . . . . Robots Built . | . . . . . . . . . . . Authchips . | . . . . . . . . . . . Time . | . . . . . . . . . . . Total Robot Build Rating . | . . . . . . . . . . . Part Schematics Acquired 3 | . . . . . . . . 3 . . Parts Built . | . . . . . . . . . . . Authchips . | . . . . . . . . . . . Time . | . . . . . . . . . . . Total Part Build Rating . | . . . . . . . . . . . Parts Repaired . | . . . . . . . . . . . Time . | . . . . . . . . . . . Parts Recycled . | . . . . . . . . . . . Recycled Matter . | . . . . . . . . . . . Retrieved Matter . | . . . . . . . . . . . Retrieved Components . | . . . . . . . . . . . Parts Scanalyzed 1 | . . . . . . . . 1 . . Part Schematics Acquired 1 | . . . . . . . . 1 . . Parts Damaged . | . . . . . . . . . . . Bothacking | -11 -10 -9 -9 -9 -8 -8 -7 -6 -5 -5 ------------ Run | Yrd Mat Mat Min Exi Min Mat Fac Fac Fac Ext Used RIF Installer . | . . . . . . . . . . . Robots Hacked . | . . . . . . . . . . . Non-combat . | . . . . . . . . . . . Combat . | . . . . . . . . . . . Robot Hacks Applied . | . . . . . . . . . . . Relay Couplers Released . | . . . . . . . . . . . Fabnet Peak Effective % . | . . . . . . . . . . . Robots Rewired 8 | . . . . . . . 1 . . 7 Allies Hacked . | . . . . . . . . . . . Hacks Repelled . | . . . . . . . . . . . Allies | -11 -10 -9 -9 -9 -8 -8 -7 -6 -5 -5 -------- Run | Yrd Mat Mat Min Exi Min Mat Fac Fac Fac Ext Total Allies 13 | . . . . . . . 1 . . 12 Largest Group 11 | . . . . . . . 1 . . 11 Highest-Rated Group 315 | . . . . . . . 8 . . 315 Highest-Rated Ally 39 | . . . . . . . 8 . . 39 Total Orders 1 | . . . . . . . 1 . . . STAY 1 | . . . . . . . 1 . . . Ally Attacks 53 | . . . . . . . . . . 53 Total Damage 1104 | . . . . . . . . . . 1104 Kills 6 | . . . . . . . . . . 6 Allies Corrupted . | . . . . . . . . . . . Allies Melted 2 | . . . . . . . . . . 2 Intel | -11 -10 -9 -9 -9 -8 -8 -7 -6 -5 -5 ------- Run | Yrd Mat Mat Min Exi Min Mat Fac Fac Fac Ext Robot Analysis Total . | . . . . . . . . . . . Derelict Logs Recovered 1 | . . . 1 . . . . . . . Drone Launches . | . . . . . . . . . . . Drone Recoveries . | . . . . . . . . . . . Exploration | -11 -10 -9 -9 -9 -8 -8 -7 -6 -5 -5 ------------- Run | Yrd Mat Mat Min Exi Min Mat Fac Fac Fac Ext Turns Passed 2332 | 99 167 130 50 95 83 210 534 139 245 580 Spaces Moved 2965 | 63 204 238 115 254 152 230 511 301 248 649 Core 375 | 63 121 . . . . . . . . 191 Treads 39 | . . . . . . . . . . 39 Legs . | . . . . . . . . . . . Wheels . | . . . . . . . . . . . Hover . | . . . . . . . . . . . Flight 2551 | . 83 238 115 254 152 230 511 301 248 419 Fastest Speed 28 | 50 37 32 32 32 32 39 34 29 28 28 Average Speed 38 | 50 44 33 32 32 50 39 34 32 28 47 Slowest Speed 240 | 50 50 34 34 32 114 39 39 33 32 240 Overloaded Moves . | . . . . . . . . . . . Propulsion Burnouts . | . . . . . . . . . . . Robots Hopped 7 | . 1 3 . . . . . 2 . 1 Cave-ins Triggered 1 | . . . . . . . . . . 1 Exploration Rate (%) 26 | 5 33 20 33 60 39 23 12 5 8 48 Regions Visited 10 Branch Regions 4 Pre-discovered Areas 1 | . . . . 1 . . . . . . Known Exits Taken 2 | . . . . . . 1 1 . . . Unknown Exits Taken 8 | 1 1 1 1 1 1 . . 1 1 . Scrap Searched 1 | . . . 1 . . . . . . . Spaces Dug 64 | . . . . . . 26 20 6 9 3 Terrain Destroyed 306 | . . 71 12 . 8 35 68 6 9 97 Melee 22 | . . . . . . . 4 6 9 3 Projectile . | . . . . . . . . . . . AOE 284 | . . 71 12 . 8 35 64 . . 94 Terrain Rammed . | . . . . . . . . . . . Walls Destroyed . | . . . . . . . . . . . Machines Disabled . | . . . . . . . . . . . Actions | -11 -10 -9 -9 -9 -8 -8 -7 -6 -5 -5 --------- Run | Yrd Mat Mat Min Exi Min Mat Fac Fac Fac Ext Total 3880 | 94 251 270 124 271 157 339 817 330 378 849 Wait 506 | . . 15 . . 3 76 230 12 76 94 Move 2940 | 62 201 231 114 253 151 229 510 296 247 646 Hop 7 | . 1 3 . . . . . 2 . 1 Pick Up 65 | 6 11 5 2 5 . 11 8 3 8 6 Fast Attach 23 | 4 5 . 2 . . 2 3 . 3 4 Attach 36 | 1 2 3 . 3 . 2 3 2 5 15 Detach 12 | . . . . 1 1 1 1 . 2 6 Swap 31 | . 2 2 1 1 . 3 6 5 4 7 Drop 66 | . 11 3 3 8 1 4 12 4 10 10 Fire 105 | 21 18 8 2 . 1 11 28 . . 16 Melee 67 | . . . . . . . 12 6 23 26 Ram 2 | . . . . . . . . . . 2 Kick . | . . . . . . . . . . . Crush 6 | . . . . . . . . . . 6 Escape Stasis 2 | . . . . . . . . . . 2 Rewire 4 | . . . . . . . 4 . . . Trap 8 | . . . . . . . . . . 8 Miscellaneous . | . . . . . . . . . . . Route ------- -11/Scrapyard -10/Materials -9/Materials -9/Mines -9/Exiles -8/Mines -8/Materials -7/Factory (discovered 4 exits: *Fac x4) -6/Factory -5/Factory -5/Extension History --------- Turn | Location | Event 5 | -11/Scrapyard | Discovered new exit (range 16) 100 | -11/Scrapyard | Entered Materials 208 | -10/Materials | Discovered new exit (range 9) 267 | -10/Materials | Entered another Materials area 267 | -9/Materials | Evolved 2 slots: Propulsion x1, Utility x1 316 | -9/Materials | Build established: Mutant 389 | -9/Materials | Discovered new exit (range 13) 397 | -9/Materials | Entered Mines 446 | -9/Mines | Deemed a non-threat by the Exiles lab entrance 446 | -9/Mines | Discovered new exit (range 5) 447 | -9/Mines | Entered Exiles 456 | -9/Exiles | Met 8R-AWN 461 | -9/Exiles | Met EX-HEX 470 | -9/Exiles | Met EX-BIN 475 | -9/Exiles | Aligned with FarCom system 475 | -9/Exiles | Given EX-Vault access code 482 | -9/Exiles | Opened EX-Vault 487 | -9/Exiles | Found Flying Fortress v7 496 | -9/Exiles | Warned to stay clear of 0b10 Research branches 500 | -9/Exiles | Exiles lab attacked by MAIN.C 507 | -9/Exiles | Learned location of Zion (-6) 539 | -9/Exiles | Discovered new exit (range 10) 542 | -9/Exiles | Left Exiles lab with Flying Fortress v7 542 | -9/Exiles | Entered Mines 622 | -8/Mines | Discovered new exit (range 9) 625 | -8/Mines | Entered Materials 625 | -8/Materials | Evolved 2 slots: Propulsion x2 626 | -8/Materials | Identified exit to Factory 835 | -8/Materials | Entered Factory 835 | -7/Factory | Evolved 2 slots: Propulsion x1, Utility x1 1142 | -7/Factory | Destroyed 8 combat bots 1166 | -7/Factory | Identified exit to Factory 1328 | -7/Factory | Garrison activated, responded to threat 1369 | -7/Factory | Entered another Factory area 1369 | -6/Factory | Evolved 2 slots: Power x1, Propulsion x1 1474 | -6/Factory | Discovered new exit (range 8) 1508 | -6/Factory | Entered another Factory area 1508 | -5/Factory | Evolved 2 slots: Propulsion x1, Utility x1 1647 | -5/Factory | Build established: Hacker-Sprinter 1751 | -5/Factory | Discovered new exit (range 6) 1753 | -5/Factory | Entered Extension 1791 | -5/Extension | Rescued a captive Derelict 1966 | -5/Extension | Rescued a captive Derelict 1967 | -5/Extension | Rescued a captive Derelict 1976 | -5/Extension | Rescued a captive Derelict 1977 | -5/Extension | Rescued a captive Derelict 2024 | -5/Extension | Spotted B-75 Beast 2025 | -5/Extension | Spotted B-75 Beast 2028 | -5/Extension | Crushed by falling debris 2084 | -5/Extension | Destroyed B-75 Beast 2091 | -5/Extension | Lost 3 allies 2100 | -5/Extension | Destroyed B-75 Beast 2103 | -5/Extension | Disrupted transfer network 2126 | -5/Extension | Lost 10 parts (3p2n3u2w) 2180 | -5/Extension | Core integrity fell below 50% 2206 | -5/Extension | Lost 7 parts (1p4n1u1w) 2314 | -5/Extension | Core integrity fell below 20% 2333 | -5/Extension | Destroyed by H-66 Slayer with Gauss Rifle Last Messages --------------- 02275_ System corrupted: Matter fused (-6). 02288_ G-50 Soldier triggered Tiamat Bomb Trap. 02288_ An explosion rips through the floor. 02306_ 0F-IJJ(b) heat short circuits Imp. Deuterium Engine. 02306_ 0F-IJJ(b) critical meltdown. 02307_ Acquired 68 matter. 02318_ Acquired 51 matter. 02327_ C-30 ARC bursts open, deploying its payload. 02327_ H-66 Slayer unfolds itself. 02327_ U-05 Engineer lays Concrete. 02328_ The unstable cave ceiling collapses. 02329_ U-05 Engineer lays Concrete. 02330_ Slug penetrates R-10 Processor. 02330_ Penetrated by Slug. 02330_ ECM Suite destroyed. 02331_ U-05 Engineer builds a Wall. 02332_ U-05 Engineer lays Concrete. 02333_ Penetrated by Slug. Map ----- +----------------------------------------------------+ | #???########?# ###### ###?# #?# #???????? | | #????????????#####???#T #?# #?# #???????? | | #????????????????????## ##?# #?# #???????? | | #?????????????????????# #??# #?# #???????? | | "#????????????????????####??### ####?#]#???????? | | ####???????????????????????????#T #### #???????? | | ???????????????????????????????## ### #!##??????? | | ????????????????????????????????# #?# ! ##?????? | | ????????????????????????????????####?# !%% #?????? | | ?????????????????????????????????????# #?????? | | ?????????????????????????????????????# ##?????? | | ?????????????????????????????????????# #?????? | | ?????????????????????????????????????# #?????? | | ?????????????????????????????????????# ###????? | | ???????????????????????????????????### # "# ##???? | | ???????????????????????????????????# # # #??#? | | ???????????????????????????????????# # # ## ## | | ??????????????????????????????????## " | | ??????????????????????????????????# | | ??????????????????????????????????## # | | ######?????????????###?####?##???## | | ###############;###; ##;######### | | !! h% uu | | !/ u | | * ! ! w g | | [ = @! g = | | R RRR k= gRR kkkR% | | # #############;################### | | | # # ##???????????###?## # ##???? | | #####?????????????????#######??????? | | ?????????????????????????????????????? | | ?????????????????????????????????????? | | ??????????????????????????????????????#####T#"""## | | ???????????????????????????????????????????##????? | | ?????????????????????????????????????????????????? | | | | | | | | | | | | | | | | | | | | | | | | | | | | | | | +----------------------------------------------------+ Best States ------------- Heat Dissipation 59 Energy Generation 29 Energy Capacity 350 Matter Stores 300 Matter Capacity 300 Sight Range 16 Terrain Scan Density 10 ECM Strength 1 Jamming Range 12 Additional Mass Support 6 Armor Coverage 225 Core Shielding 20 Evasion (%) 74 Recoil Reduction 3 Offensive Hacking 10 Defensive Hacking 10 Trap Extractor Capacity 6 Item Schematics ----------------- Xenon Bombardment Thruster | -6/Factory | Scanalyzed Com. Wheel | -6/Factory | Extracted Hpw. Tractor Beam | -6/Factory | Extracted Robot Schematics ------------------ M-13 Machinist | -10/Materials | Hacked Fabricated ------------ Nothing Alien Tech Used ----------------- None Achievements -------------- None Challenges ------------ None Game ------ Seed SigixEncryptedKinecellerator Manual? 0 Play Time 00:48:40 Cumulative 756.7 hours Start 2024.10.02 @ 20:10:37 End 2024.10.02 @ 20:57:35 Sessions 1 Manual Loads 0 Difficulty Rogue Special Mode None Game No. 183 Rogue 45 Adventurer 138 Explorer 0 Win Type - Total 13 Types 8/0/1/2/1/0/0/0/1 Lore% 80 Gallery% 85 Achievement% 76 Wizard Run 0 Options --------- Layout 2 ASCII 0 Keyboard 0 Movement Mouse Keybinds 0 Fullscreen 1 Font 24/Smallcaps Map View 50x49 Zoom Use 0% Tactical HUD 1 Map Filters NONE Filters NONE Steam 1 RUN: 6951cb75-ba23-4e49-9e23-0f44a8e39db0